 Dungeon Crawl Stone Soup version 0.23.2-1-ga50397a (webtiles) character file.

Game seed: 6625009751404042259

168 IBeShadow the Twirler (level 5, -3/42 HPs)
             Began as a Demonspawn Gladiator on May 17, 2019.
             Slain by a hobgoblin
             ... wielding a +0 club
              (7 damage)
             ... on level 3 of the Dungeon.
             The game lasted 00:04:58 (2158 turns).

IBeShadow the Twirler (Demonspawn Gladiator)        Turns: 2158, Time: 00:04:59

Health: -3/42      AC:  6    Str: 21    XL:     5   Next: 23%
Magic:  5/5        EV: 14    Int:  9    God:
Gold:   110        SH:  0    Dex: 14    Spells: 4/4 levels left

rFire    . . .     SeeInvis .   a - +0 quarterstaff
rCold    + . .     Gourm    .   (shield currently unavailable)
rNeg     . . .     Faith    .   h - +0 ring mail
rPois    .         Spirit   .   c - +0 helmet
rElec    .         Reflect  .   (no cloak)
rCorr    .         Harm     .   (no gloves)
MR       .....     Rnd*Tele +   (no boots)
Stlth    ..........             (no amulet)
HPRegen  0.14/turn              e - ring of protection from cold
MPRegen  0.09/turn              k - ring of teleportation (curse)

@: mighty
A: hooves 2, repulsion field 1
a: no special abilities


You were on level 3 of the Dungeon.
You were not hungry.

You visited 1 branch of the dungeon, and saw 3 of its levels.

You collected 110 gold pieces.

Inventory:

Hand Weapons
 a - a +0 quarterstaff (weapon)
Missiles
 d - 3 throwing nets (quivered)
Armour
 c - a +0 helmet (worn)
 h - a +0 ring mail (worn)
Jewellery
 e - a ring of protection from cold (left hand)
 k - a cursed ring of teleportation (right hand)
Wands
 n - a wand of disintegration (11)
Scrolls
 g - a scroll of remove curse {unknown}
 i - a scroll of enchant armour {unknown}
 j - 2 scrolls of teleportation {unknown}
 l - a scroll of immolation {unknown}
 o - 2 scrolls of amnesia {unknown}
Comestibles
 f - 5 rations
 m - 3 chunks of flesh


   Skills:
 + Level 4.1 Fighting
 + Level 4.2 Staves
 - Level 1.7 Throwing
 - Level 2.6 Dodging


You had 4 spell levels left.
You didn't know any spells.
Your spell library was empty.

Dungeon Overview and Level Annotations

Branches:
Dungeon (3/15)

Altars:
Dithmenos

Annotations:
D:3 Robin


Innate Abilities, Weirdness & Mutations

You have hoof-like feet.
You are surrounded by a mild repulsion field. (EV +2)


Message History

Robin flexes a bicep menacingly.
The goblin closely misses you. The hobgoblin hits you with a +0 club!
* * * LOW HITPOINT WARNING * * *
Unknown command.
The hobgoblin barely misses you. The goblin hits you but does no damage.
Robin laughs in a distinctly smug fashion.
Robin throws the goblin at you!
There is an open door, spattered with blood here.
Things that are here:
a cursed -2 dagger; a goblin corpse x2
Unknown command.
You bludgeon the goblin!!
You kill the goblin!
The hobgoblin closely misses you. Robin throws the goblin at you!
* * * LOW HITPOINT WARNING * * *
The goblin hits you but does no damage. The hobgoblin barely misses you.
You miss the goblin. Your kick misses the goblin.
The hobgoblin hits you but does no damage. x2
The goblin closely misses you. The hobgoblin hits you with a +0 club!
You die...

##+# ##...##
##.....##
##.......## .
#.......gg####...#
+.......gg@g......
#.......)g##......
#.......## ##.##
##...†.## ##...##
##'# ... ##. #


You could see Robin, 4 hobgoblins and a goblin.

Vanquished Creatures
  A hound (D:3)
  Ijyb (D:3)
  A worm (D:2)
  5 dart slugs
  7 leopard geckos
  3 orcs (D:3)
  4 ball pythons
  8 bats
  A giant cockroach (D:1)
  10 goblins
  10 hobgoblins
  17 jackals
  A frilled lizard (D:2)
  4 kobolds
  7 rats
80 creatures vanquished.

Notes
Turn   | Place    | Note
-------+----------+-------------------------------------------
     0 | D:1      | IBeShadow the Demonspawn Gladiator began the quest for the
                  | Orb.
     0 | D:1      | Reached XP level 1. HP: 16/16 MP: 1/1
    69 | D:1      | Gained mutation: You have large cloven feet. [demonic
                  | ancestry]
    69 | D:1      | Reached XP level 2. HP: 13/23 MP: 2/2
  1120 | D:2      | Gained mutation: You are surrounded by a mild repulsion
                  | field. (EV +2) [demonic ancestry]
  1120 | D:2      | Reached XP level 3. HP: 28/28 MP: 3/3
  1415 | D:2      | Found a shadowy altar of Dithmenos.
  1673 | D:2      | Gained mutation: You have hoof-like feet. [demonic
                  | ancestry]
  1673 | D:2      | Reached XP level 4. HP: 30/35 MP: 4/4
  2132 | D:3      | Noticed Robin
  2134 | D:3      | Noticed Ijyb
  2151 | D:3      | Killed Ijyb
  2151 | D:3      | Reached XP level 5. HP: 17/42 MP: 5/5
  2158 | D:3      | Slain by a hobgoblin

Skill      XL: |  1  2  3  4 |
---------------+-------------+-----
Staves         | 3 4 |  4.2
Fighting       | 3 4 |  4.1
Throwing       | |  1.7
Dodging        | |  2.6

Action                   |  1- 3 |  4- 6 || total
-------------------------+-------+-------++-------
Melee: Quarterstaff      |   128 |    60 ||   188
       Kick              |    30 |    14 ||    44
  Use: Potion            |       |     2 ||     2
  Eat: Chunk             |     2 |     2 ||     4
Armor: Leather armour    |     4 |       ||     4
       Ring mail         |    57 |    45 ||   102
Dodge: Dodged            |   131 |    98 ||   229
